 Dungeon Crawl Stone Soup version 0.28-a0-1629-gf728b707aa (webtiles) character file.

Game seed: 12675600990648827505

56 Ijustatesigmund the Skirmisher (level 3, -1/24 HPs)
             Began as a Gargoyle Fighter on Jan 24, 2022.
             Slain by Terence (6 damage)
             ... on level 2 of the Dungeon.
             The game lasted 00:01:20 (2032 turns).

Ijustatesigmund the Skirmisher (Gargoyle Fighter)   Turns: 2032, Time: 00:01:21

Health: -1/24      AC: 10    Str: 21    XL:     3   Next: 97%
Magic:  3/3        EV:  9    Int:  8    God:
Gold:   73         SH:  4    Dex:  9    Spells: 2/2 levels left

rFire   . . .      SeeInvis .   a - +0 flail
rCold   . . .      Faith    .   c - +0 buckler
rNeg    + . .      Spirit   .   b - +0 scale mail
rPois   ∞          Reflect  .   (no helmet)
rElec   +          Harm     .   (no cloak)
rCorr   .          Rampage  .   (no gloves)
Will    .....                   (no boots)
Stlth   ..........              (no amulet)
HPRegen 0.08/turn               (no ring)
MPRegen 0.08/turn               (no ring)

@: no status effects
A: sickness immunity, AC +3, negative energy resistance 1, electricity
resistance, torment resistance 1, petrification resistance
a: no special abilities


You were on level 2 of the Dungeon.
You visited 1 branch of the dungeon, and saw 2 of its levels.

You collected 73 gold pieces.

Inventory:

Hand Weapons
 a - a +0 flail (weapon)
Armour
 b - a +0 scale mail (worn)
 c - a +0 buckler (worn)
Jewellery
 i - a +4 ring of evasion
Scrolls
 e - a scroll of enchant armour {unknown}
 g - a scroll of acquirement {unknown}
 h - a scroll of teleportation {unknown}
Potions
 d - a potion of might
 f - 2 potions of curing {unknown}
 j - a potion of resistance {unknown}
 k - a potion of cancellation {unknown}


   Skills:
 + Level 4.3 Fighting
 + Level 3.2 Maces & Flails
 - Level 3.2 Armour
 - Level 3.2 Shields


You had 2 spell levels left.
You didn't know any spells.
Your spell library contained the following spells:

 Spells                   Type           Power      Damage    Failure   Level
 Magic Dart               Conj           0%         1d3       83%         1
 Call Imp                 Summ           0%         N/A       93%         2
 Ensorcelled Hibernation  Hex/Ice        0%         N/A       93%         2
 Passwall                 Tmut/Erth      0%         N/A       93%         2
 Conjure Flame            Conj/Fire      0%         6-21      99%         3
 Ignite Poison            Fire/Tmut/Pois 0%         N/A       99%         3
 Mephitic Cloud           Conj/Pois/Air  0%         N/A       99%         3
 Swiftness                Air            0%         N/A       99%         3
 Sticky Flame             Conj/Fire      0%         2d3       100%        4


Dungeon Overview and Level Annotations

Branches:
Dungeon (2/15)

Altars:
Fedhas

Annotations:
D:2 Terence


Innate Abilities, Weirdness & Mutations

You are immune to sickness and miasma.
Your stone body is resilient. (AC +3)
You are immune to poison.
You resist negative energy. (rN+)
You are resistant to electric shocks. (rElec)
You are resistant to unholy torment.
You are immune to petrification.


Message History

Terence hits you but does no damage.
You closely miss Terence. You block Terence's attack.
You hit Terence.
Terence is moderately wounded.
Terence barely misses you.
You hit Terence.
Terence is moderately wounded.
You block Terence's attack. Terence hits you but does no damage.
You closely miss Terence.
Terence is moderately wounded.
Terence hits you with a +0 trident!
You hit Terence but do no damage.
Terence is moderately wounded.
Terence closely misses you.
You barely miss Terence.
Terence is moderately wounded.
Terence hits you with a +0 trident. Terence barely misses you.
You are too injured to fight recklessly!
You are too injured to fight recklessly!
You are too injured to fight recklessly!
You are too injured to fight recklessly!
You are too injured to fight recklessly!
You are too injured to fight recklessly!
You are too injured to fight recklessly!
You sock Terence!
Terence is almost dead.
Terence hits you with a +0 trident.
* * * LOW HITPOINT WARNING * * *
You hit Terence but do no damage.
Terence is almost dead.
You block Terence's attack.
You barely miss Terence.
Terence is almost dead.
Terence shouts, "Get ready for death!"
Terence hits you with a +0 trident.
* * * LOW HITPOINT WARNING * * *
You hit Terence.
Terence is almost dead.
Terence hits you with a +0 trident.
You die...

..###....### #...# #.#
#.#.#.# #...#
#.##.##.#.# #...# #
......#.### #...#### ###
##.....# #.......
#...#.######....###
#.###..............
#.#...>............
#@@................
....>......######.).(###
#######...## #.......
#.### ###...#### #.#
##.#...#### #.#
#.#....#... #.#
.....#...#... ..#
####.#.......
####.###...(.


You could see Terence.

Vanquished Creatures
  A gnoll (D:1)
  An adder (D:2)
  A dart slug (D:1)
  5 endoplasms
  3 goblins
  3 hobgoblins
  2 jackals (D:1)
  A quokka (D:1)
  A ball python (D:2)
  3 bats (D:1)
  5 frilled lizards
  6 kobolds
  3 rats
35 creatures vanquished.

Notes
Turn   | Place    | Note
-------+----------+-------------------------------------------
     0 | D:1      | Ijustatesigmund the Gargoyle Fighter began the quest for
                  | the Orb.
     0 | D:1      | Reached XP level 1. HP: 14/14 MP: 1/1
   258 | D:1      | Reached XP level 2. HP: 19/19 MP: 2/2
   675 | D:1      | Reached skill level 4 in Fighting
   675 | D:1      | Reached XP level 3. HP: 5/24 MP: 3/3
  1579 | D:2      | Found a blossoming altar of Fedhas.
  2019 | D:2      | Noticed Terence
  2032 | D:2      | Slain by Terence

Illustrated notes

Levels and vault maps discovered:
D:1:      minmay_arrival_statue_studded, layout_basic
D:2:      layout_loops_cross, basic_altar, uniq_terence

Skill      XL: |  1  2  3 |
---------------+----------+-----
Fighting       | 4 |  4.3
Maces & Flails | 3 |  3.2
Armour         | |  3.2
Shields        | |  3.2

Action                   || total
-------------------------++-------
Melee: Flail             ||   110
Armor: Scale mail        ||    48
Dodge: Dodged            ||    53
Block: Buckler           ||    27

Table legend: (Time is in decaauts)
 A = Elapsed time spent in this place.
 B = Non-inter-level travel time spent in this place.
 C = Inter-level travel time spent in this place.
 D = Time resting spent in this place.
 E = Time spent auto-exploring this place.
 F = Levels seen in this place.
 G = Mean time per level.
                   A        B        C        D        E       F      G
               +--------+--------+--------+--------+--------+-----+--------+
         Total |   2065 |   2042 |     23 |    237 |   1530 |   2 | 1032.5 |
       Dungeon |   2065 |   2042 |     23 |    237 |   1530 |   2 | 1032.5 |
               +--------+--------+--------+--------+--------+-----+--------+

Top non-repeatable levels by time:
     D:1: 1472 daAuts
     D:2: 593 daAuts
